Map: Darkness Sanctuary LE

Players

FooMAnchoo - Winner!

  • Race: Zerg Zerg
  • Spawn Location: 5:00

Test

  • Race: Terran Terran
  • Spawn Location: 7:00

VOD

Have the link to the VOD?

Description

Time

  • Played on: May 15, 2018, 5:03 p.m.
  • Length: 13:37
Show
View Real Time Build Order
Export as new Build Order

FooMAnchoo Zerg - Winner!

Build Orders: Hatch First 

Get SALT Encoding   

  12  0:01  Drone  
  13  0:13  Overlord  
  13  0:18  Drone  
  14  0:33  Drone  
  14  0:34  Drone  
  16  0:39  Drone  
  17  0:57  Hatchery  
  16  0:58  Drone  
  16  1:02  Drone  
  18  1:35  Spawning Pool  
  18  1:39  Hatchery  
  16  1:56  Drone x3  
  19  2:07  Drone  
  20  2:13  Drone  
  20  2:14  Extractor  
  20  2:18  Drone  
  21  2:23  Queen x2  
  21  2:24  Overlord  
  25  2:35  Drone x2  
  27  2:39  Drone  
  28  2:45  Drone  
  29  2:58  Queen  
  29  3:00  Queen x2  
  29  3:04  Extractor  
  34  3:05  Extractor  
  33  3:15  Drone x5  
  33  3:16  Drone  
  39  3:20  Overlord  
  39  3:45  Zergling x8, Roach Warren  
  39  3:47  Zergling x2  
  43  3:59  Overlord  
  43  4:02  Overlord  
  43  4:06  Metabolic Boost  
  43  4:13  Drone x3  
  43  4:14  Drone, Extractor  
  43  4:15  Drone x4, Extractor  
  49  4:30  Lair  
  51  4:52  Roach  
  51  4:53  Roach x6  
  51  4:54  Overlord  
  51  4:55  Overlord  
  63  5:09  Drone x3  
  63  5:11  Overlord  
  66  5:27  Glial Reconstitution  
  66  5:33  Drone x4, Hydralisk Den  
  66  5:34  Drone  
  70  5:39  Extractor  
  70  5:41  Extractor  
  63  6:01  Roach x6  
  63  6:02  Roach, Overlord x2  
  77  6:04  Overlord  
  77  6:05  Overlord  
  77  6:06  Overlord  
  77  6:12  Drone x3  
  77  6:13  Drone x3  
  85  6:18  Roach x2  
  79  6:42  Roach x2  
  79  6:43  Roach x7  
  97  7:00  Muscular Augments  
  95  7:17  Hydralisk x4  
  95  7:18  Hydralisk x4  
  111  7:29  Overlord  
  111  7:58  Hydralisk  
  111  7:59  Hatchery, Hydralisk x6  
  124  8:22  Hydralisk  
  124  8:23  Hydralisk x5  
  136  8:35  Drone  
  136  8:36  Drone  
  136  8:37  Overlord x2  
  138  8:42  Grooved Spines  
  138  8:55  Queen  
  140  9:28  Overlord x3  
  94  10:40  Roach, Hydralisk x7  
  94  10:41  Roach x7, Hydralisk x6  
  94  10:42  Roach x6, Hydralisk  
  150  11:23  Overlord x2  
  150  11:47  Spire  
  147  12:09  Pneumatized Carapace  
  147  12:31  Drone x3  
  147  12:32  Drone x7  
  147  12:33  Infestation Pit, Drone x5  
  147  12:34  Drone  
  162  12:51  Extractor  
  162  12:54  Extractor  
  160  13:09  Hatchery  
Show
View Real Time Build Order
Export as new Build Order

Test Terran 

Build Orders: MMM Bio 

Get SALT Encoding   

  12  0:01  SCV  
  13  0:13  SCV  
  14  0:21  Supply Depot  
  14  0:25  SCV  
  15  0:30  Refinery  
  16  0:42  SCV  
  16  0:52  Barracks  
  16  1:02  SCV  
  17  1:09  Engineering Bay  
  17  1:14  SCV  
  18  1:37  SCV  
  19  1:41  Marine  
  20  1:56  Orbital Command  
  19  2:04  Marine  
  20  2:19  Factory  
  20  2:21  Marine  
  21  2:49  Command Center  
  21  2:51  Factory  
  21  2:53  SCV  
  22  3:03  Refinery  
  22  3:30  Barracks Tech Lab  
  22  3:39  Supply Depot  
  21  3:44  Factory Tech Lab  
  21  3:45  Factory Reactor  
  21  3:57  Starport  
  21  4:00  Marine  
  22  4:09  Refinery  
  22  4:10  Orbital Command  
  22  4:18  Marine  
  22  4:23  Hellion x2  
  27  4:27  SCV  
  28  4:36  Marine  
  29  4:38  Starport Reactor  
  29  4:39  Factory Reactor  
  29  4:40  SCV  
  29  4:45  Hellion x2  
  34  4:52  SCV  
  35  4:53  Marine, Stimpack  
  36  5:04  SCV  
  36  5:06  Hellion x2  
  41  5:11  Marine  
  42  5:16  SCV  
  43  5:24  Hellion  
  45  5:29  Marine  
  45  5:32  Supply Depot  
  46  5:54  Supply Depot, Hellion x4  
  46  5:55  Supply Depot  
  54  6:09  Supply Depot  
  54  6:16  Marine, SCV, Medivac, Hellion x2  
  54  6:17  Widow Mine  
  64  6:28  SCV  
  59  6:34  Marine  
  52  6:40  SCV  
  52  6:45  Hellion x4  
  55  6:51  Marine  
  53  7:09  Marine  
  53  7:11  Combat Shields  
  53  7:13  Medivac x2  
  52  7:23  Barracks  
  52  7:27  Marine  
  53  7:40  Cyclone x2  
  53  7:42  Medivac  
  61  7:45  Marine  
  61  7:49  Factory Tech Lab  
  62  8:00  Barracks  
  62  8:01  SCV  
  62  8:02  SCV  
  62  8:03  Marine  
  65  8:11  Barracks  
  65  8:12  Cyclone x2  
  71  8:13  SCV  
  71  8:14  Marine, SCV  
  74  8:20  Marine  
  74  8:26  SCV  
  76  8:31  Marine  
  76  8:33  SCV  
  78  8:47  Terran Infantry Weapons Level 1, Supply Depot  
  78  8:52  Supply Depot  
  78  9:08  Marine x4, SCV x2  
  84  9:13  Siege Tank  
  87  9:18  Concussive Shells  
  87  9:20  SCV  
  88  9:24  Supply Depot  
  88  9:26  Marine x4  
  88  9:27  Supply Depot  
  92  9:43  Marine x2  
  94  9:46  Marine x2, Siege Tank  
  89  10:01  Marine x2  
  89  10:03  Marine x2  
  76  10:19  Marine x2  
  63  10:21  Marine x2  
  52  10:37  Marine x2  
  52  10:39  Marine x2  
  52  10:41  Liberator  
  53  10:43  Liberator, Terran Infantry Armor Level 1  
  53  10:55  Marine x2  
  55  10:57  Marine x2  
  63  11:07  Cyclone x3  
  72  11:12  Marine x2  
  72  11:15  Marine x2  
  76  11:18  Armory  
  76  11:30  Marine x2  
  78  11:32  Marine x2  
  78  11:39  Cyclone x3  
  89  11:45  Refinery  
  89  11:48  Marine  
  89  11:50  Marine x2  
  93  12:02  Barracks Reactor  
  93  12:06  Marine  
  93  12:08  Marine  
  94  12:25  Supply Depot  
  94  12:27  Barracks Reactor  
  94  12:30  Barracks Reactor  
  94  12:32  Barracks Reactor  
  94  12:47  Marine x2, Cyclone, Siege Tank  
  94  12:49  Supply Depot  
  102  13:11  Marine x6  
  102  13:12  Supply Depot  
Tags
 
Add a new tag
Caveats
  • Supply blocks, unpowered buildings, or Contaminate may cause inaccurate times.
  • Supply counts are checked every 10 seconds.